AoeStats
← OneBodyProblem

African Clearing

503834059Analyzed
2v2 RM · 29d ago on Sep 2, 2026· 54m 44s· 4 players
Game mode
Random Map
Map size
Medium (4 player)
Population
200
Speed
Normal
Resources
Standard
Victory
Conquest
Starting age
Dark Age
Ending age
Imperial Age
RankedLock teamsTeams togetherTeam positionsShared explorationLock speedFull tech treeHidden civsTurbo modeCheats
Victory
Defeat
🇯🇵 Mongols · Japan
930
+19
🇺🇸 Khmer · United States
919
+19
🇩🇪 Chinese · Germany
998
-19
🇲🇾 Cumans · Malaysia
995
-19
OneBodyProblem
13:11 Feudal Age
11:29 Loom
13:58 Double-Bit Axe
15:19 Forging
15:44 Bloodlines
16:15 Wheelbarrow
23:20 Castle Age
21:45 Scale Mail Armor
21:55 Scale Barding Armor
23:09 Horse Collar
24:05 Husbandry
26:14 Wheelbarrow
25:25 Town Watch
27:11 Iron Casting
30:32 Chain Barding Armor
30:44 Chain Barding Armor
38:57 Imperial Age
40:39 Plate Barding Armor
40:46 Cavalier
41:27 Elite Battle Elephant
50:17 Tusk Swords
51:52 Hand Cart
51:39 Town Patrol
knight
5:41 Loom
14:43 Feudal Age
17:52 Gold Mining
20:29 Castle Age
19:10 Stone Mining
19:14 Fletching
19:40 Double-Bit Axe
20:03 Padded Archer Armor
24:16 Bodkin Arrow
26:05 Husbandry
27:26 Horse Collar
31:14 Leather Archer Armor
32:34 Bloodlines
35:27 Gold Shaft Mining
35:55 Wheelbarrow
35:33 Thumb Ring
36:52 Stone Shaft Mining
36:32 Bow Saw
36:47 Ballistics
36:33 Herbal Medicine
42:04 Heavy Plow
44:37 Imperial Age
43:21 Hand Cart
45:41 Bracer
46:50 Chemistry
49:12 Elite Mangudai
50:24 Parthian Tactics
51:33 Conscription
Derbion12
3:41 Loom
14:11 Feudal Age
15:47 Double-Bit Axe
18:27 Castle Age
21:02 Gold Mining
29:34 Gold Shaft Mining
28:52 Stone Mining
30:01 Wheelbarrow
31:53 Hand Cart
31:24 Town Watch
31:20 Crossbowman
33:04 Thumb Ring
33:47 Fletching
33:58 Padded Archer Armor
36:06 Bodkin Arrow
36:27 Leather Archer Armor
39:21 Ballistics
41:39 Imperial Age
42:37 Bracer
43:08 Ring Archer Armor
42:50 Forging
42:42 Scale Mail Armor
42:06 Arbalester
43:31 Block Printing
45:01 Chemistry
46:12 Elite Fire Lancer
49:58 Squires
51:20 Stone Shaft Mining
51:24 Chain Mail Armor
51:44 Iron Casting
51:05 Arson
JohnnyP
9:28 Loom
13:50 Feudal Age
19:47 Castle Age
18:24 Wheelbarrow
20:30 Bloodlines
29:50 Town Watch
30:45 Fletching
31:52 Bodkin Arrow
32:41 Padded Archer Armor
35:03 Leather Archer Armor
38:09 Double-Bit Axe
40:50 Scale Barding Armor
42:52 Ballistics
43:12 Bow Saw
43:16 Horse Collar
46:09 Steppe Husbandry
47:49 Thumb Ring
Connection lost

Rejoining the realm…

Still unreachable

The connection could not be restored.

Session expired

The server has moved on; the page needs a fresh start.